 Dungeon Crawl Stone Soup version 0.20.1-1-g8b1a95d (webtiles) character file.

1002 Mesmaeker13 the Cudgeler (level 8, -8/61 HPs)
             Began as a White Draconian Skald on Dec 21, 2017.
             Mangled by Prince Ribbit (11 damage)
             ... on level 4 of the Dungeon.
             The game lasted 00:10:17 (5359 turns).

Mesmaeker13 the Cudgeler (White Draconian Skald)    Turns: 5359, Time: 00:10:18

Health: -8/61      AC:  6    Str: 15    XL:     8   Next: 0%
Magic:  11/11      EV: 14    Int: 15    God:
Gold:   207        SH:  0    Dex: 10    Spells: 3/11 levels left

rFire    . . .     SeeInvis .   a - +0 mace
rCold    + . .     Gourm    .   (no shield)
rNeg     . . .     Faith    .   (armour unavailable)
rPois    .         Spirit   .   (helmet restricted)
rElec    .         Reflect  .   (no cloak)
rCorr    .         Harm     .   (no gloves)
MR       .....                  (no boots)
Stlth    +.........             (no amulet)
Regen    0.2/turn               o - ring of flight
MPRegen  0.2/turn               (no ring)

@: short of breath
A: breathe frost, unfitting armour, cold resistance 1, cold-blooded, AC +6
a: Breathe Frost, Evoke Flight


You were on level 4 of the Dungeon.
You were near starving.

You visited 1 branch of the dungeon, and saw 5 of its levels.

You collected 207 gold pieces.

Inventory:

Hand Weapons
 a - a +0 mace (weapon)
 q - a +1 glaive of protection
Magical Staves
 f - an uncursed staff of power {unknown}
Jewellery
 o - a ring of flight (left hand)
Scrolls
 e - a scroll of fog
 n - a scroll of remove curse
Potions
 l - a potion of agility {unknown}
 p - a potion of brilliance {unknown}
 s - a potion of degeneration {unknown}
Books
 b - a book of Battle

   Spells                             Type                      Level
   a - Infusion                       Charms                       1
   b - Shroud of Golubria             Charms/Translocation         2
   c - Song of Slaying                Charms                       2
   d - Spectral Weapon                Hexes/Charms                 3
   e - Regeneration                   Charms/Necromancy            3
 h - a book of Air

   Spells                             Type                      Level
   a - Shock                          Conjuration/Air              1
   b - Swiftness                      Charms/Air                   2
   c - Static Discharge               Conjuration/Air              3
   d - Airstrike                      Air                          4
   e - Lightning Bolt                 Conjuration/Air              5
Comestibles
 c - 5 bread rations
 d - 3 royal jellies


   Skills:
 - Level 2.1 Fighting
 + Level 5.8 Maces & Flails
 + Level 5.1 Dodging
 - Level 2.0 Spellcasting
 + Level 5.5 Charms


You had 3 spell levels left.
You knew the following spells:

 Your Spells              Type           Power        Failure   Level  Hunger
a - Infusion              Chrm           ###.         2%          1    #......
b - Shroud of Golubria    Chrm/Tloc      #.........   11%         2    ###....
c - Song of Slaying       Chrm           ###.....     3%          2    ###....
d - Regeneration          Chrm/Necr      #.........   22%         3    ###....


Dungeon Overview and Level Annotations

Branches:
Dungeon (5/15)
 Temple: D:4-7

Altars:
Cheibriados
Dithmenos
Kikubaaqudgha
Makhleb
Okawaru
Ru

Annotations:
D:4 Prince Ribbit
D:5 Edmund


Innate Abilities, Weirdness & Mutations

You can breathe waves of freezing cold.
You can buffet flying creatures when you breathe cold.
Your icy white scales are hard. (AC +6)
You cannot fit into any form of body armour.
Your flesh is cold resistant. (rC+)
You are cold-blooded and may be slowed by cold attacks.


Message History

Prince Ribbit hits you.
You climb upwards.
There is a stone staircase leading down here.
Press: ? - help, Shift-Dir - straight line, f - Prince Ribbit
Aim: Prince Ribbit (moderately wounded)
You exhale a wave of freezing cold.
The freezing breath hits Prince Ribbit.
Prince Ribbit is severely wounded.
You are near starving!
Prince Ribbit barely misses you.
Prince Ribbit croaks regally.
Prince Ribbit barely misses you.
You closely miss Prince Ribbit.
Prince Ribbit is severely wounded.
Prince Ribbit completely misses you.
You miss Prince Ribbit.
Prince Ribbit is severely wounded.
Prince Ribbit hits you!!
* * * LOW HITPOINT WARNING * * *
Prince Ribbit hits you!
You die...

#.....###......#####.
#.....# #......# #.
####.....###......# #.
#.................# #.
#....##.####......# #.
#....##<# #......# ##
#....##.# #......#
#....##F#####.....######
#....+.@.....(..........
#....############.######
###### #................
#................
#................
#...........>....
#................
#...........###.#
#...........# #.#


You could see Prince Ribbit.

Vanquished Creatures
  Sigmund (D:5)
  The ghost of Ymberto the Conjurer, an amateur DECj (D:3)
  Duvessa (D:5)
  An ogre (D:5)
  A centaur (D:5)
  Dowan (D:4)
  A scorpion (D:4)
  A howler monkey (D:3)
  A hound (D:5)
  An orc priest (D:4)
  An orc wizard (D:2)
  4 worker ants (D:4)
  9 adders
  A shadow imp (D:5)
  2 oozes
  An adder skeleton (D:4)
  2 worms (D:3)
  A dart slug (D:3)
  3 leopard geckos
  6 orcs
  4 bats
  4 giant cockroaches
  6 goblins
  2 hobgoblins
  A jackal (D:3)
  8 kobolds
  4 ball pythons
  2 frilled lizards
  A leopard gecko skeleton (D:5)
  4 rats
76 creatures vanquished.

Notes
Turn   | Place    | Note
-------+----------+-------------------------------------------
     0 | D:1      | Mesmaeker13 the Draconian Skald began the quest for the Orb.
     0 | D:1      | Reached XP level 1. HP: 17/17 MP: 3/3
   315 | D:1      | Reached XP level 2. HP: 22/24 MP: 3/5
   649 | D:2      | Learned a level 2 spell: Shroud of Golubria
   673 | D:2      | Reached XP level 3. HP: 20/29 MP: 3/6
  1804 | D:2      | Reached XP level 4. HP: 36/36 MP: 7/7
  1911 | D:2      | Found an ancient bone altar of Kikubaaqudgha.
  1911 | D:2      | Found a snail-covered altar of Cheibriados.
  1916 | D:2      | Found a burning altar of Makhleb.
  1918 | D:2      | Found a faded altar of an unknown god.
  1919 | D:2      | Found a sacrificial altar of Ru.
  2081 | D:3      | Learned a level 2 spell: Song of Slaying
  2122 | D:2      | Reached XP level 5. HP: 29/41 MP: 1/8
  2438 | D:3      | Noticed Ymberto's ghost (amateur DECj)
  2534 | D:3      | Killed Ymberto's ghost
  2534 | D:3      | Reached XP level 6. HP: 36/48 MP: 1/9
  2610 | D:3      | Found a shadowy altar of Dithmenos.
  3456 | D:4      | Learned a level 3 spell: Regeneration
  3777 | D:5      | Entered Level 5 of the Dungeon
  3852 | D:5      | Noticed Duvessa
  3853 | D:5      | Noticed Dowan
  3903 | D:5      | Killed Duvessa
  3903 | D:5      | Your scales start taking on an icy white colour.
  3903 | D:5      | Reached XP level 7. HP: 32/55 MP: 5/10
  3903 | D:5      | Gained mutation: Your flesh is cold resistant. (rC+) [White Draconian growth]
  3915 | D:4      | Killed Dowan
  3915 | D:4      | Reached skill level 5 in Maces & Flails
  4151 | D:5      | Noticed Prince Ribbit
  4162 | D:4      | Reached skill level 5 in Charms
  4717 | D:5      | Found an iron altar of Okawaru.
  4719 | D:5      | Noticed Sigmund
  4745 | D:5      | Killed Sigmund
  4745 | D:5      | Reached skill level 5 in Dodging
  4845 | D:5      | Noticed Edmund
  4856 | D:5      | Reached XP level 8. HP: 26/61 MP: 3/11
  5359 | D:4      | HP: 3/61 [Prince Ribbit (18)]
  5359 | D:4      | Mangled by Prince Ribbit

Skill      XL: |  1  2  3  4  5  6  7 |
---------------+----------------------+-----
Charms         | 3 4 5 |  5.5
Maces & Flails | 3 4 5 |  5.8
Dodging        | 3 4 5 |  5.1
Fighting       | |  2.1
Spellcasting   | |  2.0

Action                   |  1- 3 |  4- 6 |  7- 9 || total
-------------------------+-------+-------+-------++-------
Melee: Mace              |    77 |   176 |    59 ||   312
       Tailslap          |     7 |    16 |     4 ||    27
 Cast: Infusion          |     7 |    16 |     9 ||    32
       Shroud of Golubri |     2 |    14 |     9 ||    25
       Song of Slaying   |       |     1 |       ||     1
       Regeneration      |       |     1 |       ||     1
 Abil: Breathe Frost     |       |       |     8 ||     8
  Use: Potion            |     2 |       |     5 ||     7
       Scroll            |       |     4 |     3 ||     7
  Eat: Chunk             |     3 |     9 |       ||    12
       Bread ration      |       |       |     1 ||     1
       Fruit             |       |       |     1 ||     1
Armor: Skin              |    35 |    58 |    21 ||   114
Dodge: Dodged            |    69 |   113 |    55 ||   237
